[Event "91st GER-ch 2020"]
[Site "Magdeburg"]
[Date "2020.08.19"]
[Round "5.5"]
[White "Mueller, Dominik"]
[Black "Schulz, Lukas"]
[Result "1-0"]
[ECO "A45"]
[WhiteElo "2252"]
[BlackElo "2293"]
[Annotator "ChessBase"]
[PlyCount "59"]
[EventDate "2020.08.16"]
[EventType "swiss"]
[EventCountry "GER"]
[SourceTitle "playchess.com"]
[Source "ChessBase"]
[SourceQuality "1"]
[TimeControl "40/5400+30:1800+30"]

1. d4 Nf6 2. Bf4 g6 3. Nc3 d5 4. e3 Bg7 5. h4 O-O 6. h5 c5 7. hxg6 fxg6 8. dxc5 Nc6 9. Nf3 Bg4 10. Qd2 Qa5 11. Ne5 Rad8 12. f3 Be6 13. Nxc6 bxc6 14. Ne2 Qa4 15. Qd4 Qa5+ 16. b4 Qa3 17. Be5 a5 18. Nf4 Bf7 19. b5 cxb5 20. Bxb5 Rb8 21. Rb1 Rbc8 22. c6 Qxa2 23. O-O Qxc2 24. Rfc1 Qf5 25. Bd3 Qg5 26. Ba6 Nh5 27. Bxg7 Nxg7 28. Bxc8 Rxc8 29. c7 Nf5 30. Qe5 1-0

[Event "91st GER-ch 2020"]
[Site "Magdeburg"]
[Date "2020.08.19"]
[Round "5.6"]
[White "Hess, Max"]
[Black "Dubiel, Jacek"]
[Result "1/2-1/2"]
[ECO "C77"]
[WhiteElo "2378"]
[BlackElo "2414"]
[Annotator "ChessBase"]
[PlyCount "81"]
[EventDate "2020.08.16"]
[EventType "swiss"]
[EventCountry "GER"]
[SourceTitle "playchess.com"]
[Source "ChessBase"]
[SourceQuality "1"]
[TimeControl "40/5400+30:1800+30"]

1. e4 e5 2. Nf3 Nc6 3. Bb5 a6 4. Ba4 Nf6 5. Qe2 b5 6. Bb3 Be7 7. c3 O-O 8. O-O d5 9. d3 Re8 10. Nbd2 Bf8 11. exd5 Nxd5 12. Ne4 Na5 13. Nfg5 Re7 14. Bc2 h6 15. Nf3 Re8 16. b4 Nb7 17. Bb3 Bf5 18. Bxh6 Nxc3 19. Qc2 Nxe4 20. dxe4 Be6 21. Bg5 Qc8 22. Bxe6 Rxe6 23. a4 Bxb4 24. axb5 axb5 25. Rxa8 Qxa8 26. Qxc7 Nd6 27. Rd1 Qxe4 28. Be3 Qb7 29. Qxb7 Nxb7 30. Rb1 Bd6 31. Rxb5 Re7 32. g3 f6 33. Nd2 Rd7 34. Ne4 Be7 35. g4 Kf7 36. Kg2 Nd6 37. Nxd6+ Bxd6 38. Bc5 Bxc5 39. Rxc5 Ke6 40. h3 Ra7 41. Rc8 1/2-1/2

[Event "91st GER-ch 2020"]
[Site "Magdeburg"]
[Date "2020.08.19"]
[Round "5.7"]
[White "Pfreundt, Jakob"]
[Black "Geue, Niklas"]
[Result "1/2-1/2"]
[ECO "C11"]
[WhiteElo "2397"]
[BlackElo "2050"]
[Annotator "ChessBase"]
[PlyCount "127"]
[EventDate "2020.08.16"]
[EventType "swiss"]
[EventCountry "GER"]
[SourceTitle "playchess.com"]
[Source "ChessBase"]
[SourceQuality "1"]
[TimeControl "40/5400+30:1800+30"]

1. e4 e6 2. d4 d5 3. Nc3 Nf6 4. exd5 exd5 5. Bf4 Bd6 6. Qd2 O-O 7. O-O-O c6 8. Bxd6 Qxd6 9. f3 b5 10. Nge2 Ba6 11. Ng3 Re8 12. Nf5 Qf8 13. g4 b4 14. Na4 Bxf1 15. Rhxf1 Nfd7 16. Qf4 Na6 17. b3 Re6 18. Nb2 Rae8 19. Nd3 g6 20. Nh6+ Kg7 21. h4 f6 22. Rg1 Kh8 23. g5 fxg5 24. hxg5 Qxf4+ 25. Nxf4 Re3 26. Rd3 Nc7 27. Rxe3 Rxe3 28. Rf1 Nb5 29. Kd2 Re7 30. Kd3 Kg7 31. c4 bxc3 32. a4 Nc7 33. Rc1 Na6 34. Rxc3 Nb4+ 35. Kd2 Nb8 36. Ng4 Na2 37. Rc5 Rb7 38. Rc2 Nb4 39. Rc3 Re7 40. Ne5 Re8 41. Rc1 Re7 42. Rc5 Kf8 43. Rc3 Ke8 44. Ng2 Kd8 45. Rc1 Kc7 46. Ne3 Kd6 47. f4 Nd7 48. N3g4 Nf8 49. f5 gxf5 50. Nh6 Rb7 51. Nxf5+ Ke6 52. Ne3 Rc7 53. Rf1 Nd7 54. Nxd7 Rxd7 55. Rf6+ Ke7 56. Ng4 Rd6 57. Rxd6 Kxd6 58. Nf6 Ke6 59. Nxh7 Kf5 60. Kc3 Na2+ 61. Kb2 Nb4 62. Kc3 Na2+ 63. Kb2 Nb4 64. Kc3 1/2-1/2

[Event "91st GER-ch 2020"]
[Site "Magdeburg"]
[Date "2020.08.19"]
[Round "5.8"]
[White "Florstedt, Johannes"]
[Black "Miller, Eduard"]
[Result "0-1"]
[ECO "B36"]
[WhiteElo "2350"]
[BlackElo "2392"]
[Annotator "ChessBase"]
[PlyCount "75"]
[EventDate "2020.08.16"]
[EventType "swiss"]
[EventCountry "GER"]
[SourceTitle "playchess.com"]
[Source "ChessBase"]
[SourceQuality "1"]
[TimeControl "40/5400+30:1800+30"]

1. e4 c5 2. Nf3 Nc6 3. d4 cxd4 4. Nxd4 g6 5. c4 Nf6 6. Nc3 d6 7. f3 Bg7 8. Be3 O-O 9. Be2 Nxd4 10. Bxd4 Qa5 11. Qd2 Be6 12. Rc1 Rfc8 13. b3 a6 14. f4 Nxe4 15. Qe3 Bxd4 16. Qxd4 Nxc3 17. Rxc3 Qxa2 18. h4 Qb1+ 19. Bd1 Bg4 20. O-O Bxd1 21. Rxd1 Qf5 22. Re3 Rc7 23. Rde1 Re8 24. b4 b5 25. cxb5 axb5 26. Rc3 Rxc3 27. Qxc3 Qxf4 28. h5 Qc4 29. Qd2 d5 30. h6 f6 31. Rc1 Qe4 32. Re1 Qf5 33. Ra1 Rd8 34. Ra7 Kf7 35. Rb7 d4 36. Qe2 Qb1+ 37. Kh2 Qxb4 38. Qa2+ 0-1

[Event "91st GER-ch 2020"]
[Site "Magdeburg"]
[Date "2020.08.19"]
[Round "5.11"]
[White "Neurohr, Juergen"]
[Black "Andre, Gordon"]
[Result "0-1"]
[ECO "D35"]
[WhiteElo "2022"]
[BlackElo "2373"]
[Annotator "ChessBase"]
[PlyCount "54"]
[EventDate "2020.08.16"]
[EventType "swiss"]
[EventCountry "GER"]
[SourceTitle "playchess.com"]
[Source "ChessBase"]
[SourceQuality "1"]
[TimeControl "40/5400+30:1800+30"]

1. d4 d5 2. c4 e6 3. Nc3 Nf6 4. cxd5 exd5 5. Bg5 c6 6. e3 Bd6 7. Bd3 O-O 8. Qc2 h6 9. Bh4 Re8 10. Nge2 a5 11. h3 Na6 12. a3 Nc7 13. Bg3 Ne6 14. O-O Ng5 15. Bxd6 Qxd6 16. Bf5 Bxf5 17. Qxf5 Nge4 18. Rfd1 a4 19. Na2 Re6 20. Rac1 Qe7 21. Nec3 Re8 22. Nxa4 Nd7 23. Rc2 Rf6 24. Qh5 Nxf2 25. Rxf2 Rxf2 26. Kxf2 Qxe3+ 27. Kf1 Re6 0-1

[Event "91st GER-ch 2020"]
[Site "Magdeburg"]
[Date "2020.08.19"]
[Round "5.12"]
[White "Nguyen, Alex Dac-Vuong"]
[Black "Tschernatsch, Johannes"]
[Result "1/2-1/2"]
[ECO "B31"]
[WhiteElo "2366"]
[BlackElo "2241"]
[Annotator "ChessBase"]
[PlyCount "60"]
[EventDate "2020.08.16"]
[EventType "swiss"]
[EventCountry "GER"]
[SourceTitle "playchess.com"]
[Source "ChessBase"]
[SourceQuality "1"]
[TimeControl "40/5400+30:1800+30"]

1. e4 c5 2. Nf3 Nc6 3. Bb5 g6 4. O-O Bg7 5. c3 e5 6. d4 cxd4 7. cxd4 exd4 8. Bf4 a6 9. Ba4 Nge7 10. Bd6 b5 11. Bb3 Bb7 12. Ng5 O-O 13. Qf3 Qe8 14. Qh3 h6 15. Nf3 Na5 16. Nbd2 Qd8 17. Rac1 Nxb3 18. axb3 Bc6 19. e5 Re8 20. Nxd4 Rc8 21. f4 Bd5 22. b4 Nc6 23. Qd3 Nxd4 24. Qxd4 Rxc1 25. Rxc1 Qa8 26. Rc7 Bxg2 27. Ra7 Qc6 28. Rc7 Qa8 29. Ra7 Qc6 30. Rc7 Qa8 1/2-1/2

[Event "91st GER-ch 2020"]
[Site "Magdeburg"]
[Date "2020.08.19"]
[Round "5.13"]
[White "Weber, Max"]
[Black "Ehmann, Thilo"]
[Result "0-1"]
[ECO "A34"]
[WhiteElo "2243"]
[BlackElo "2329"]
[Annotator "ChessBase"]
[PlyCount "134"]
[EventDate "2020.08.16"]
[EventType "swiss"]
[EventCountry "GER"]
[SourceTitle "playchess.com"]
[Source "ChessBase"]
[SourceQuality "1"]
[TimeControl "40/5400+30:1800+30"]

1. Nf3 c5 2. c4 Nf6 3. Nc3 d5 4. cxd5 Nxd5 5. e4 Nb4 6. Bc4 Nd3+ 7. Ke2 Nf4+ 8. Kf1 Ne6 9. b4 g6 10. bxc5 Bg7 11. Bb2 O-O 12. h4 Nc6 13. h5 Nxc5 14. d4 Nxd4 15. Nd5 Nc6 16. Bxg7 Kxg7 17. Qc1 g5 18. Qxg5+ Kh8 19. h6 Ne6 20. Qe3 f6 21. Rd1 Nc7 22. Be2 Bd7 23. Nd4 Nxd4 24. Qxd4 Nxd5 25. exd5 Qb6 26. Qe4 Qd6 27. Rh4 f5 28. Qd4+ Rf6 29. g3 Kg8 30. Qe3 Raf8 31. Qf4 Qxf4 32. gxf4 Rd6 33. Rd3 Rff6 34. Rdh3 Kf8 35. Bc4 a5 36. a3 b6 37. Rh5 Be8 38. Rg5 Bf7 39. Rd3 Rxh6 40. Rxf5 Rhf6 41. Rxf6 Rxf6 42. Rd4 Ke8 43. Bb5+ Kd8 44. Ke2 Rd6 45. Bc4 e6 46. Ke3 exd5 47. f5 Ke7 48. Bb3 Kf6 49. Kf4 Rc6 50. Rd3 h5 51. Bxd5 Rd6 52. Be4 Rxd3 53. Bxd3 Be8 54. Kg3 b5 55. Kh4 b4 56. axb4 axb4 57. Bc2 Bf7 58. f4 Be8 59. Bb1 b3 60. Bd3 b2 61. Bb1 Bf7 62. Bc2 Bb3 63. Bd3 Bd1 64. Be4 Bg4 65. Bb1 Bxf5 66. Ba2 Bg6 67. f5 Kxf5 0-1

[Event "91st GER-ch 2020"]
[Site "Magdeburg"]
[Date "2020.08.19"]
[Round "5.14"]
[White "Voege, Tobias"]
[Black "Hundack, Rolf"]
[Result "1-0"]
[ECO "E21"]
[WhiteElo "2326"]
[BlackElo "2126"]
[Annotator "ChessBase"]
[PlyCount "95"]
[EventDate "2020.08.16"]
[EventType "swiss"]
[EventCountry "GER"]
[SourceTitle "playchess.com"]
[Source "ChessBase"]
[SourceQuality "1"]
[TimeControl "40/5400+30:1800+30"]

1. d4 Nf6 2. c4 e6 3. Nc3 Bb4 4. Nf3 O-O 5. Bg5 h6 6. Bh4 c5 7. e3 cxd4 8. exd4 d5 9. Rc1 Nc6 10. cxd5 exd5 11. Be2 g5 12. Bg3 Ne4 13. Ne5 Qa5 14. O-O Bxc3 15. bxc3 Nxc3 16. Qe1 Nxe2+ 17. Qxe2 Nxd4 18. Qh5 Qa6 19. Rfe1 Nf5 20. Nxf7 Qf6 21. Ne5 Nxg3 22. hxg3 Bf5 23. Rcd1 Rad8 24. Qf3 Bh7 25. Qe3 a6 26. Rd2 Rfe8 27. Ng4 Rxe3 28. Nxf6+ Kf7 29. Rxe3 Kxf6 30. Rb3 b5 31. a4 bxa4 32. Rb6+ Ke5 33. Rxh6 Bf5 34. Rxa6 Bd7 35. f3 Rb8 36. Kf2 Rb3 37. f4+ gxf4 38. gxf4+ Ke4 39. Rd6 Bb5 40. R6xd5 Bd3 41. Ra5 a3 42. Ra4+ Kf5 43. Kg1 Kg4 44. Kh2 Bb1 45. Rd5 Rb2 46. Rg5+ Kh4 47. Rxa3 Bd3 48. Rxd3 1-0

[Event "91st GER-ch 2020"]
[Site "Magdeburg"]
[Date "2020.08.19"]
[Round "5.15"]
[White "Gustain, Marc"]
[Black "Trifan, Andrei Ioan"]
[Result "0-1"]
[ECO "C50"]
[WhiteElo "2173"]
[BlackElo "2249"]
[Annotator "ChessBase"]
[PlyCount "108"]
[EventDate "2020.08.16"]
[EventType "swiss"]
[EventCountry "GER"]
[SourceTitle "playchess.com"]
[Source "ChessBase"]
[SourceQuality "1"]
[TimeControl "40/5400+30:1800+30"]

1. e4 e5 2. Nf3 Nc6 3. Bc4 Bc5 4. O-O d6 5. d3 Nf6 6. c3 a6 7. a4 Ba7 8. Re1 h6 9. Be3 Bxe3 10. Rxe3 O-O 11. Nbd2 Re8 12. Nf1 Be6 13. Bxe6 Rxe6 14. Ng3 d5 15. Qc2 Qd7 16. Rd1 Rd8 17. Ree1 g6 18. h4 Rd6 19. d4 dxe4 20. Nxe4 Nxe4 21. Qxe4 exd4 22. Nxd4 Nxd4 23. Rxd4 Rxd4 24. cxd4 c6 25. Qf4 Qxd4 26. Qxh6 Qxa4 27. g3 Rd1 28. Qe3 Rxe1+ 29. Qxe1 Qd4 30. Qe2 a5 31. h5 gxh5 32. Qxh5 a4 33. Qf5 Qxb2 34. Qg5+ Qg7 35. Qd8+ Qf8 36. Qg5+ Qg7 37. Qd8+ Kh7 38. Qh4+ Qh6 39. Qxa4 b5 40. Qe4+ Kg8 41. Qd4 Qg5 42. Qd7 Qd5 43. Qc8+ Kg7 44. f4 b4 45. Qg4+ Kf6 46. Qh4+ Kf5 47. Qh5+ Ke4 48. Qe2+ Kd4 49. g4 b3 50. g5 Kc3 51. Qe1+ Qd2 52. Qa1+ b2 53. Qa5+ Kc2 54. Qa4+ Kc1 0-1

[Event "91st GER-ch 2020"]
[Site "Magdeburg"]
[Date "2020.08.19"]
[Round "5.16"]
[White "Koellner, Ruben Gideon"]
[Black "Schulte, Felix"]
[Result "1/2-1/2"]
[ECO "A45"]
[WhiteElo "2376"]
[BlackElo "2174"]
[Annotator "ChessBase"]
[PlyCount "125"]
[EventDate "2020.08.16"]
[EventType "swiss"]
[EventCountry "GER"]
[SourceTitle "playchess.com"]
[Source "ChessBase"]
[SourceQuality "1"]
[TimeControl "40/5400+30:1800+30"]

1. d4 Nf6 2. Nc3 d5 3. Bf4 c6 4. e3 g6 5. Nf3 Bg7 6. h4 Bg4 7. Be2 Nbd7 8. Ne5 Bxe2 9. Qxe2 Qa5 10. f3 Nh5 11. Bh2 Bxe5 12. dxe5 Qb4 13. O-O-O Nc5 14. a3 Qb6 15. Kb1 O-O-O 16. Qf2 Ng7 17. e4 Na4 18. Qxb6 Nxc3+ 19. bxc3 axb6 20. exd5 Rxd5 21. Rxd5 cxd5 22. Rd1 Rd8 23. Bg1 Kc7 24. c4 Kc6 25. Ka2 Ne6 26. cxd5+ Rxd5 27. Rxd5 Kxd5 28. Bxb6 Kxe5 29. Kb3 Kd5 30. Kb4 Kc6 31. Be3 Nc7 32. Kc4 f6 33. a4 Nd5 34. Bh6 Nc7 35. Bf8 Kd7 36. g3 Ne6 37. Bh6 Kc6 38. Bc1 Ng7 39. g4 e5 40. g5 fxg5 41. hxg5 Nf5 42. Kd3 Nd6 43. f4 Kd5 44. fxe5 Kxe5 45. c4 Nf7 46. Kc3 Kd6 47. Kd4 Kc6 48. Bf4 Nd8 49. Be3 Kd6 50. c5+ Kc6 51. Ke5 h6 52. gxh6 Nf7+ 53. Kd4 Nxh6 54. Bxh6 b6 55. a5 bxc5+ 56. Kc4 Kb7 57. Kxc5 Ka6 58. Kb4 Kb7 59. Kb5 g5 60. a6+ Ka7 61. Bxg5 Kb8 62. Kb6 Ka8 63. Bf4 1/2-1/2

[Event "91st GER-ch 2020"]
[Site "Magdeburg"]
[Date "2020.08.19"]
[Round "5.17"]
[White "Michalowski, Peter"]
[Black "Falke, Isaak"]
[Result "1/2-1/2"]
[ECO "B13"]
[WhiteElo "2106"]
[BlackElo "2113"]
[Annotator "ChessBase"]
[PlyCount "81"]
[EventDate "2020.08.16"]
[EventType "swiss"]
[EventCountry "GER"]
[SourceTitle "playchess.com"]
[Source "ChessBase"]
[SourceQuality "1"]
[TimeControl "40/5400+30:1800+30"]

1. e4 c6 2. d4 d5 3. exd5 cxd5 4. Bd3 Nf6 5. h3 Nc6 6. c3 e6 7. Nf3 Bd6 8. O-O O-O 9. Re1 Qc7 10. Nbd2 Rb8 11. Qe2 Nh5 12. Nf1 Nf4 13. Bxf4 Bxf4 14. Ne5 f6 15. Nxc6 bxc6 16. Qc2 g6 17. c4 Qb7 18. b3 e5 19. dxe5 fxe5 20. cxd5 cxd5 21. Ne3 e4 22. Bf1 Be6 23. Rad1 Rbd8 24. g3 Be5 25. Bg2 Rc8 26. Qb1 Rcd8 27. Re2 Bf5 28. g4 Be6 29. Nc2 Qf7 30. Nd4 Bd7 31. Qc1 Rc8 32. Qa3 Qf4 33. Qxa7 Rc1 34. Rxc1 Qxc1+ 35. Bf1 Rf7 36. Qa8+ Kg7 37. Qxd5 Qf4 38. Bg2 Qc1+ 39. Bf1 Qf4 40. Bg2 Qc1+ 41. Bf1 1/2-1/2

[Event "91st GER-ch 2020"]
[Site "Magdeburg"]
[Date "2020.08.20"]
[Round "6.16"]
[White "Hundack, Rolf"]
[Black "Weber, Max"]
[Result "0-1"]
[ECO "A46"]
[WhiteElo "2126"]
[BlackElo "2243"]
[Annotator "ChessBase"]
[PlyCount "148"]
[EventDate "2020.08.16"]
[EventType "swiss"]
[EventCountry "GER"]
[SourceTitle "playchess.com"]
[Source "ChessBase"]
[SourceQuality "1"]
[TimeControl "40/5400+30:1800+30"]

1. d4 Nf6 2. Nf3 d5 3. g3 g6 4. Bg2 Bg7 5. O-O O-O 6. Bf4 c6 7. Nbd2 Nbd7 8. c4 dxc4 9. Nxc4 Nb6 10. Nce5 Bf5 11. Qc1 Be4 12. Bh6 Qd5 13. Rd1 Rad8 14. Bxg7 Kxg7 15. Ne1 Bxg2 16. Nxg2 Qd6 17. Nh4 Nbd7 18. Qg5 Qe6 19. Nd3 Qxe2 20. f3 Nd5 21. Nf2 f6 22. Qg4 f5 23. Qg5 Qe3 24. f4 Qe6 25. Re1 Qf6 26. Nf3 h6 27. Qxf6+ Kxf6 28. Nd3 Nc7 29. Re2 e6 30. Rae1 Rfe8 31. a3 Re7 32. Nd2 Nb5 33. Nf3 Nf8 34. Nc5 Nxd4 35. Nxd4 Rxd4 36. Re3 b6 37. Nd3 Nd7 38. Nb4 Rd6 39. Nd3 Rd4 40. Nb4 Rd6 41. Nd3 c5 42. Ne5 g5 43. Nd3 Rd5 44. Rf1 e5 45. fxg5+ hxg5 46. Nf2 Kg6 47. h4 g4 48. Nd3 Kf6 49. Nf2 Kg6 50. Nd3 Rf7 51. Rfe1 c4 52. Nxe5+ Nxe5 53. Rxe5 Rxe5 54. Rxe5 Rd7 55. Re6+ Kf7 56. Rc6 Rd3 57. Kf2 Rf3+ 58. Kg2 Rb3 59. Rxc4 Rxb2+ 60. Kh1 Rb3 61. Rc7+ Kf6 62. Rxa7 Rxg3 63. Ra6 Rb3 64. a4 Ke5 65. a5 b5 66. Ra8 Kf4 67. Kg2 Rb2+ 68. Kf1 Kf3 69. Ke1 g3 70. h5 g2 71. Rg8 Rb1+ 72. Kd2 g1=Q 73. Rxg1 Rxg1 74. a6 Ra1 0-1

[Event "91st GER-ch 2020"]
[Site "Magdeburg"]
[Date "2020.08.20"]
[Round "6.17"]
[White "Schulz, Lukas"]
[Black "Falke, Isaak"]
[Result "1-0"]
[ECO "C37"]
[WhiteElo "2293"]
[BlackElo "2113"]
[Annotator "RC"]
[PlyCount "85"]
[EventDate "2020.08.16"]
[EventType "swiss"]
[EventCountry "GER"]
[SourceTitle "playchess.com"]
[Source "ChessBase"]
[SourceQuality "1"]
[TimeControl "40/5400+30:1800+30"]

1. e4 e5 2. f4 exf4 3. Nf3 g5 4. Nc3 g4 5. Ne5 h5 6. Bc4 Qh4+ 7. Kf1 Nh6 8. d4 d6 9. Nd3 f3 10. Bf4 Nc6 11. Nb5 Qd8 12. d5 Na5 13. Bb3 Bd7 14. Nc3 Bg7 15. Qd2 f6 16. gxf3 Qe7 17. h3 gxf3 18. Qf2 Nf7 19. Ne1 Ne5 20. Kg1 Nac4 21. Bxc4 Nxc4 22. Nxf3 Nb6 23. Nh4 Qf7 24. Kh2 O-O-O 25. Raf1 Kb8 26. Be3 Rde8 27. Rhg1 f5 28. Rxg7 Qxg7 29. Bd4 Qg5 30. Bxh8 Rxh8 31. exf5 Qf6 32. Qf4 Re8 33. Rf2 Re5 34. Ne4 Qd8 35. c4 Bxf5 36. Nxf5 Nxc4 37. Nexd6 cxd6 38. Qxc4 Qf6 39. Rg2 a6 40. Rg8+ Ka7 41. Qd4+ b6 42. Rg7+ Ka8 43. Qc4 1-0

[Event "91st GER-ch 2020"]
[Site "Magdeburg"]
[Date "2020.08.20"]
[Round "7.5"]
[White "Neurohr, Juergen"]
[Black "Mueller, Dominik"]
[Result "0-1"]
[ECO "A15"]
[WhiteElo "2022"]
[BlackElo "2252"]
[Annotator "ChessBase"]
[PlyCount "57"]
[EventDate "2020.08.16"]
[EventType "swiss"]
[EventCountry "GER"]
[SourceTitle "playchess.com"]
[Source "ChessBase"]
[SourceQuality "1"]
[TimeControl "40/5400+30:1800+30"]

1. c4 Nf6 2. Nf3 e6 3. g3 Be7 4. Bg2 d5 5. d4 O-O 6. O-O dxc4 7. Na3 c5 8. dxc5 c3 9. Qc2 Qa5 10. Nc4 Qxc5 11. Qxc3 Nc6 12. Be3 Qh5 13. Nfe5 Nd5 14. Bxd5 exd5 15. Nxc6 bxc6 16. Na5 Bh3 17. Rfe1 Rac8 18. Bc5 Bf6 19. Qd2 Rfe8 20. Rac1 Qe5 21. Bxa7 d4 22. Nb3 Qd5 23. e4 Rxe4 24. Rxe4 Qxe4 25. f4 c5 26. Bxc5 d3 27. Re1 Qa8 28. Be3 Rc2 29. Qd1 0-1

[Event "91st GER-ch 2020"]
[Site "Magdeburg"]
[Date "2020.08.20"]
[Round "7.9"]
[White "Pfreundt, Jakob"]
[Black "Ehmann, Thilo"]
[Result "0-1"]
[ECO "A30"]
[WhiteElo "2397"]
[BlackElo "2329"]
[Annotator "ChessBase"]
[PlyCount "86"]
[EventDate "2020.08.16"]
[EventType "swiss"]
[EventCountry "GER"]
[SourceTitle "playchess.com"]
[Source "ChessBase"]
[SourceQuality "1"]
[TimeControl "40/5400+30:1800+30"]

1. c4 c5 2. g3 e5 3. Bg2 g6 4. Nc3 Bg7 5. d3 d6 6. a3 Nc6 7. Rb1 a5 8. Qa4 Ra6 9. Nd5 Nge7 10. Bg5 O-O 11. Bxe7 Nxe7 12. e3 Bd7 13. Qd1 Bc6 14. Nxe7+ Qxe7 15. Nf3 e4 16. Nd2 f5 17. dxe4 fxe4 18. Qg4 Re8 19. h4 Qe6 20. Qxe6+ Rxe6 21. h5 Bf6 22. hxg6 hxg6 23. Kd1 a4 24. Kc2 d5 25. cxd5 Bxd5 26. Rh6 Bg5 27. Rh2 Rab6 28. Rhh1 Bf6 29. Rhd1 c4 30. Nf1 Rb5 31. Rxd5 Rxd5 32. Nd2 Rde5 33. Bf1 Kg7 34. Rd1 Rd5 35. Nxc4 Rxd1 36. Kxd1 Rc6 37. Na5 Rc7 38. b4 Rc3 39. Nxb7 Rxa3 40. Bc4 Rc3 41. Be6 Be7 42. b5 Bb4 43. g4 Kf6 0-1

[Event "91st GER-ch 2020"]
[Site "Magdeburg"]
[Date "2020.08.20"]
[Round "7.10"]
[White "Andre, Gordon"]
[Black "Tschernatsch, Johannes"]
[Result "1-0"]
[ECO "D85"]
[WhiteElo "2373"]
[BlackElo "2241"]
[Annotator "ChessBase"]
[PlyCount "79"]
[EventDate "2020.08.16"]
[EventType "swiss"]
[EventCountry "GER"]
[SourceTitle "playchess.com"]
[Source "ChessBase"]
[SourceQuality "1"]
[TimeControl "40/5400+30:1800+30"]

1. d4 Nf6 2. c4 g6 3. Nc3 d5 4. cxd5 Nxd5 5. Bd2 Bg7 6. e4 Nxc3 7. Bxc3 O-O 8. Qd2 Nd7 9. Nf3 c5 10. d5 Nf6 11. Bd3 e6 12. Bxf6 Qxf6 13. e5 Qd8 14. d6 f6 15. O-O fxe5 16. Be4 Rb8 17. Rad1 Bd7 18. Rfe1 Qf6 19. Qa5 g5 20. Qxc5 b6 21. Qc2 Rbc8 22. Bxh7+ Kh8 23. Qg6 Bc6 24. Qxf6 Bxf6 25. Be4 Bxe4 26. Rxe4 Rfd8 27. h4 Rc5 28. Nxg5 Bxg5 29. hxg5 Kg7 30. b4 Rc6 31. d7 Kf7 32. Rxe5 Ke7 33. g6 Rxd7 34. Rxd7+ Kxd7 35. g7 Rc8 36. Rg5 Rg8 37. f4 Ke7 38. Kf2 Kf6 39. Ke3 e5 40. b5 1-0

[Event "91st GER-ch 2020"]
[Site "Magdeburg"]
[Date "2020.08.20"]
[Round "7.11"]
[White "Geue, Niklas"]
[Black "Trifan, Andrei Ioan"]
[Result "1-0"]
[ECO "C92"]
[WhiteElo "2050"]
[BlackElo "2249"]
[Annotator "ChessBase"]
[PlyCount "77"]
[EventDate "2020.08.16"]
[EventType "swiss"]
[EventCountry "GER"]
[SourceTitle "playchess.com"]
[Source "ChessBase"]
[SourceQuality "1"]
[TimeControl "40/5400+30:1800+30"]

1. e4 e5 2. Nf3 Nc6 3. Bb5 a6 4. Ba4 Nf6 5. O-O Be7 6. Re1 b5 7. Bb3 O-O 8. h3 d6 9. c3 Bb7 10. d4 Re8 11. Ng5 Rf8 12. Nf3 h6 13. Nbd2 Re8 14. Nf1 Bf8 15. Ng3 Na5 16. Bc2 c5 17. d5 Nc4 18. b3 Nb6 19. Nh2 Bc8 20. Be3 Bd7 21. Rf1 Nh7 22. Qd2 Be7 23. Rae1 Bh4 24. Nf3 a5 25. Nxh4 Qxh4 26. Bd3 Ng5 27. Nf5 Bxf5 28. exf5 b4 29. c4 Nd7 30. f4 exf4 31. Bxf4 Ne5 32. Bxe5 Rxe5 33. Rxe5 dxe5 34. Qf2 Qxf2+ 35. Kxf2 a4 36. h4 axb3 37. axb3 Nh7 38. Re1 f6 39. Be4 1-0

[Event "91st GER-ch 2020"]
[Site "Magdeburg"]
[Date "2020.08.20"]
[Round "7.12"]
[White "Nguyen, Alex Dac-Vuong"]
[Black "Voege, Tobias"]
[Result "1-0"]
[ECO "C11"]
[WhiteElo "2366"]
[BlackElo "2326"]
[Annotator "ChessBase"]
[PlyCount "43"]
[EventDate "2020.08.16"]
[EventType "swiss"]
[EventCountry "GER"]
[SourceTitle "playchess.com"]
[Source "ChessBase"]
[SourceQuality "1"]
[TimeControl "40/5400+30:1800+30"]

1. e4 e6 2. d4 d5 3. Nc3 Nf6 4. e5 Nfd7 5. f4 c5 6. Nf3 Nc6 7. Be3 Qb6 8. Be2 cxd4 9. Nxd4 Qxb2 10. Ndb5 Nb4 11. Kd2 Kd8 12. Rb1 Qxc2+ 13. Qxc2 Nxc2 14. Kxc2 a6 15. Nd4 Bc5 16. Kd2 Ba7 17. Nb3 b6 18. Rhc1 Bb7 19. Na4 Rc8 20. Na5 Rxc1 21. Rxc1 Ba8 22. Bxa6 1-0

[Event "91st GER-ch 2020"]
[Site "Magdeburg"]
[Date "2020.08.20"]
[Round "7.13"]
[White "Florstedt, Johannes"]
[Black "Schulte, Felix"]
[Result "1-0"]
[ECO "B23"]
[WhiteElo "2350"]
[BlackElo "2174"]
[Annotator "ChessBase"]
[PlyCount "69"]
[EventDate "2020.08.16"]
[EventType "swiss"]
[EventCountry "GER"]
[SourceTitle "playchess.com"]
[Source "ChessBase"]
[SourceQuality "1"]
[TimeControl "40/5400+30:1800+30"]

1. e4 c5 2. Nc3 e6 3. Nge2 a6 4. g3 b5 5. Bg2 Bb7 6. d4 cxd4 7. Nxd4 Nf6 8. a3 Qc7 9. O-O d6 10. Re1 Nbd7 11. a4 b4 12. Na2 a5 13. c3 bxc3 14. Nxc3 Be7 15. Bf4 e5 16. Ncb5 Qb6 17. Nf5 exf4 18. Nfxd6+ Kf8 19. Nxb7 fxg3 20. hxg3 Ne5 21. Qd4 Qxd4 22. Nxd4 Ra7 23. f4 Rxb7 24. fxe5 Bc5 25. exf6 Bxd4+ 26. Kh2 gxf6 27. e5 Rxb2 28. exf6 Bxf6 29. Rab1 Ra2 30. Re4 h5 31. Rb5 Bc3 32. Kh3 Kg7 33. Rf4 Rh6 34. Bd5 Rf6 35. Bxa2 1-0

[Event "91st GER-ch 2020"]
[Site "Magdeburg"]
[Date "2020.08.20"]
[Round "7.14"]
[White "Weber, Max"]
[Black "Schulz, Lukas"]
[Result "1/2-1/2"]
[ECO "E97"]
[WhiteElo "2243"]
[BlackElo "2293"]
[Annotator "ChessBase"]
[PlyCount "76"]
[EventDate "2020.08.16"]
[EventType "swiss"]
[EventCountry "GER"]
[SourceTitle "playchess.com"]
[Source "ChessBase"]
[SourceQuality "1"]
[TimeControl "40/5400+30:1800+30"]

1. Nf3 Nf6 2. c4 g6 3. Nc3 Bg7 4. e4 d6 5. d4 O-O 6. Be2 e5 7. O-O Nc6 8. dxe5 dxe5 9. Bg5 Be6 10. Qxd8 Nxd8 11. Bxf6 Bxf6 12. Nd5 Bxd5 13. cxd5 c6 14. Rfd1 cxd5 15. exd5 Rc8 16. Rac1 Rxc1 17. Rxc1 e4 18. Nd2 Bxb2 19. Rb1 Be5 20. Nxe4 b6 21. Ba6 f5 22. Ng5 Re8 23. Kf1 Bd6 24. h3 Kg7 25. Re1 Rxe1+ 26. Kxe1 Bc5 27. Ke2 h6 28. Ne6+ Nxe6 29. dxe6 Kf6 30. Bc4 Ke5 31. Kd3 Ba3 32. Ke3 Kd6 33. f3 Kc6 34. g4 Bc5+ 35. Kf4 Bd6+ 36. Ke3 Bc5+ 37. Kf4 Bd6+ 38. Ke3 Bc5+ 1/2-1/2

[Event "91st GER-ch 2020"]
[Site "Magdeburg"]
[Date "2020.08.20"]
[Round "7.16"]
[White "Bastian, Herbert"]
[Black "Gustain, Marc"]
[Result "1-0"]
[ECO "B01"]
[WhiteElo "2272"]
[BlackElo "2173"]
[Annotator "ChessBase"]
[PlyCount "67"]
[EventDate "2020.08.16"]
[EventType "swiss"]
[EventCountry "GER"]
[SourceTitle "playchess.com"]
[Source "ChessBase"]
[SourceQuality "1"]
[TimeControl "40/5400+30:1800+30"]

1. e4 d5 2. exd5 Qxd5 3. Nc3 Qd8 4. d4 Nf6 5. Be2 Bf5 6. Be3 e6 7. Nf3 c6 8. Nh4 Bg6 9. Nxg6 hxg6 10. Qd3 Bb4 11. O-O-O Qa5 12. Kb1 Nbd7 13. Ne4 Nxe4 14. Qxe4 Nf6 15. Qd3 Nd5 16. c4 Nxe3 17. fxe3 Be7 18. Bf3 O-O-O 19. Qb3 Qb4 20. Qc2 Kb8 21. Rd3 Qd6 22. h3 e5 23. Rhd1 f5 24. Rb3 exd4 25. exd4 Bf6 26. c5 Qc7 27. d5 cxd5 28. Bxd5 b6 29. Qf2 Qe5 30. cxb6 Rxd5 31. bxa7+ Ka8 32. Qf3 Rhd8 33. Rb5 Qe2 34. Rdxd5 1-0